 Dungeon Crawl Stone Soup version 0.30-a0-777-ga9a30cbeda (webtiles) character file.

Game seed: 1750500804243178746

382 retardedninja the Trooper (level 6, 0/39 HPs)
             Began as a Gargoyle Fighter on Feb 13, 2023.
             Slain by an ogre
             ... wielding a +0 giant club
              (13 damage)
             ... on level 4 of the Dungeon.
             The game lasted 00:05:48 (3853 turns).

retardedninja the Trooper (Gargoyle Fighter)        Turns: 3853, Time: 00:05:49

Health: 0/39       AC: 14    Str: 22    XL:     6   Next: 76%
Magic:  6/6        EV:  7    Int:  8    God:
Gold:   179        SH:  4    Dex:  9    Spells: 5/5 levels left

rFire   . . .      SeeInvis .    a - +0 flail
rCold   . . .      Faith    .    c - +0 buckler
rNeg    + . .      Spirit   .    i - +0 chain mail
rPois   ∞          Reflect  .    (no helmet)
rElec   +          Harm     .    (no cloak)
rCorr   .          Rampage  .    (no gloves)
Will    +....                    (no boots) Stlth
                                 (no amulet)
HPRegen 0.26/turn                e - ring of willpower
MPRegen 0.10/turn                (no ring)

@: hasted, invisible, very quick
A: sickness immunity, AC +4, negative energy resistance 1, electricity
resistance, torment resistance 1, petrification resistance
a: no special abilities


You were on level 4 of the Dungeon.
You visited 1 branch of the dungeon, and saw 4 of its levels.

You collected 179 gold pieces.

Inventory:

Hand Weapons
 a - a +0 flail (weapon)
Missiles
 p - a throwing net (quivered)
Armour
 c - a +0 buckler (worn)
 i - a +0 chain mail (worn)
Jewellery
 b - a ring of protection from cold
 e - a ring of willpower (left hand)
 r - a +5 ring of evasion
Wands
 o - a wand of charming (6)
 q - a wand of roots (7)
Scrolls
 d - a scroll of blinking {unknown}
 g - 3 scrolls of teleportation {unknown}
 h - 5 scrolls of identify {unknown}
 j - a scroll of enchant armour {unknown}
 l - a scroll of poison {unknown}
 s - 2 scrolls of noise {unknown}
 u - a scroll of fog {unknown}
 v - a scroll of immolation {unknown}
 w - a scroll of brand weapon {unknown}
 y - a scroll of amnesia {unknown}
Potions
 f - a potion of heal wounds {unknown}
 m - a potion of brilliance {unknown}
 n - a potion of haste
 t - 3 potions of might
 x - a potion of curing {unknown}


   Skills:
 + Level 4.6 Fighting
 * Level 4.6 Maces & Flails
 + Level 4.6 Armour
 + Level 4.6 Shields


You had 5 spell levels left.
You didn't know any spells.
Your spell library contained the following spells:

 Spells                   Type           Power      Damage    Failure   Level
 Magic Dart               Conj           0%         1d3       99%         1
 Searing Ray              Conj           0%         2d4       100%        2
 Airstrike                Air            0%         2d(0-16)  100%        4
 Fulminant Prism          Conj/Hex       0%         3d5       100%        4
 Arcjolt                  Conj/Air       0%         1d10      100%        5
 Freezing Cloud           Conj/Ice/Air   0%         6-21      100%        5


Dungeon Overview and Level Annotations

Branches:
Dungeon (4/15)
 Temple: D:4-7

Altars:
Ru

Shops:
D:3 (


Innate Abilities, Weirdness & Mutations

You are immune to sickness and miasma.
Your stone body is resilient. (AC +4)
You are immune to poison.
You resist negative energy. (rN+)
You are resistant to electric shocks. (rElec)
You are resistant to unholy torment.
You are immune to petrification.


Message History

You see here a +0 whip.
You see here a +0 club.
There is a stone staircase leading up here.
A ball python comes into view.
Found 4 poisoned darts.
You hit the ball python.
The ball python is heavily wounded.
The ball python barely misses you. The ball python grabs you.
The ball python constricts you.
You closely miss the ball python.
The ball python is heavily wounded.
The ball python bites you but does no damage.
The ball python constricts you. You block the ball python's attack.
The ball python constricts you.
You sock the ball python!
You kill the ball python!
No target in view!
No target in view!
No target in view!
No target in view!
No target in view!
An ogre comes into view. It is wielding a +0 giant club.
Found a rapier.
The ogre moves out of view.
No target in view!
An ogre is nearby!
An ogre is nearby!
An ogre is nearby!
You sock the ogre!
The ogre is heavily wounded.
The ogre barely misses you.
You sock the ogre!
The ogre is severely wounded.
The ogre hits you with a +0 giant club!!
Ouch! That really hurt!
You are too injured to fight recklessly!
You are too injured to fight recklessly!
You fade into invisibility!
The ogre hits you with a +0 giant club.
You feel yourself speed up. The ogre hits you with a +0 giant club!
You die...

..#.#.###### #..#
..........<# #..#
....#.####### #..#
...<...<....# #..#
.#####.####.# #..# #
.....).####.###..#.#
...........>.....#.#
............†..O.(.#.#
.#..#####.#.....@....#
.#..##....######.#####
.#..##.#### #..)
.#.......# #####
##.###.#.# .#.# #.#.#
.#.###.#.########
.#........(....).
...).....########


You could see an ogre (unable to see you).

Vanquished Creatures
  Sigmund (D:2)
  A hound (D:3)
  Natasha (twice) (D:2)
  An iguana (D:4)
  A gnoll (D:3)
  4 adders
  2 worms
  2 dart slugs
  2 orcs
  6 ball pythons
  5 bats
  3 endoplasms
  4 giant cockroaches
  6 goblins
  11 hobgoblins
  4 jackals (D:1)
  2 quokkas
  2 frilled lizards
  5 kobolds
  10 rats
74 creatures vanquished.

Notes
Turn   | Place    | Note
-------+----------+-------------------------------------------
     0 | D:1      | retardedninja the Gargoyle Fighter began the quest for the
                  | Orb.
     0 | D:1      | Reached XP level 1. HP: 14/14 MP: 1/1
    96 | D:1      | Reached XP level 2. HP: 19/19 MP: 2/2
   892 | D:1      | Reached XP level 3. HP: 23/23 MP: 3/3
  1783 | D:2      | Noticed Sigmund
  1790 | D:2      | Killed Sigmund
  1791 | D:2      | Reached XP level 4. HP: 22/29 MP: 4/4
  1791 | D:2      | Reached XP level 5. HP: 25/33 MP: 5/5
  2114 | D:2      | Got the Handbook of Vapour
  2245 | D:3      | Noticed Natasha
  2253 | D:2      | Killed Natasha
  2254 | D:2      | Reached XP level 6. HP: 36/38 MP: 6/6
  2337 | D:2      | Noticed Natasha
  2344 | D:2      | Killed Natasha
  2909 | D:3      | Found a faded altar of an unknown god.
  2944 | D:3      | Found Xyupp's Antique Weapon Shoppe.
  3191 | D:3      | Found a sacrificial altar of Ru.
  3853 | D:4      | Slain by an ogre

Illustrated notes

Levels and vault maps discovered:
D:1:      dpeg_chamrin_arrival_tetris, layout_basic, minmay_statues_item
D:2:      layout_basic, uniq_sigmund
D:3:      layout_rooms, marbit_many_paths, hellmonk_ecumenical_altar_lost_god,
          serial_shops, nicolae_diamond_shop, minmay_crystal_room, uniq_natasha
D:4:      layout_basic

Skill      XL: |  1  2  3  4  5 |
---------------+----------------+-----
Fighting       | 4 |  4.6
Maces & Flails | 3 4 |  4.6
Armour         | 4 |  4.6
Shields        | 4 |  4.6

Action                     |  1- 3 |  4- 6 || total
---------------------------+-------+-------++-------
  Melee: Flail             |    86 |   148 ||   234
  Evoke: Wand              |       |     1 ||     1
    Use: Potion            |     1 |     6 ||     7
   Stab: Invisible         |       |     1 ||     1
 Armour: Scale mail        |    23 |       ||    23
         Chain mail        |    47 |   102 ||   149
  Dodge: Dodged            |    36 |    57 ||    93
  Block: Buckler           |    24 |    41 ||    65

Table legend: (Time is in decaauts)
 A = Elapsed time spent in this place.
 B = Non-inter-level travel time spent in this place.
 C = Inter-level travel time spent in this place.
 D = Time resting spent in this place.
 E = Time spent auto-exploring this place.
 F = Levels seen in this place.
 G = Mean time per level.
                   A        B        C        D        E       F      G
               +--------+--------+--------+--------+--------+-----+--------+
         Total |   3906 |   3749 |    157 |   1356 |   1753 |   4 |  976.5 |
       Dungeon |   3906 |   3749 |    157 |   1356 |   1753 |   4 |  976.5 |
               +--------+--------+--------+--------+--------+-----+--------+

Top non-repeatable levels by time:
     D:2: 1478 daAuts
     D:1: 1395 daAuts
     D:4: 547 daAuts
     D:3: 485 daAuts
